 Dungeon Crawl Stone Soup version 0.25.1-8-g42b30a86e7 (webtiles) character file.

Game seed: 15425022320216567570

41 funkygono the Shield-Bearer (level 3, -1/23 HPs)
             Began as a Gargoyle Fighter on Dec 14, 2020.
             Slain by a kobold (3 damage)
             ... on level 2 of the Dungeon.
             The game lasted 00:02:15 (1303 turns).

funkygono the Shield-Bearer (Gargoyle Fighter)      Turns: 1303, Time: 00:02:16

Health: -1/23      AC:  6    Str: 20    XL:     3   Next: 52%
Magic:  3/3        EV:  7    Int:  8    God:
Gold:   25         SH:  9    Dex:  9    Spells: 2/2 levels left

rFire    . . .     SeeInvis .   a - +0 flail
rCold    . . .     Gourm    .   c - +0 kite shield
rNeg     + . .     Faith    .   b - +0 scale mail
rPois    ∞         Spirit   .   (no helmet)
rElec    +         Reflect  .   j - scarf {harm}
rCorr    .         Harm     +   (no gloves)
MR       .....                  (no boots)
Stlth    ..........             i - amulet of inaccuracy (curse)
HPRegen  0.07/turn              l - -4 ring of protection (curse)
MPRegen  0.08/turn              (no ring)

@: mighty, flying
A: negative energy resistance 1, electricity resistance, unbreathing,
petrification resistance, rot immunity, AC +3
a: no special abilities


You were on level 2 of the Dungeon.
You were hungry.

You visited 1 branch of the dungeon, and saw 2 of its levels.

You collected 25 gold pieces.

Inventory:

Hand Weapons
 a - a +0 flail (weapon)
Missiles
 h - 72 stones (quivered)
Armour
 b - a +0 scale mail (worn)
 c - a +0 kite shield (worn)
 j - a scarf of harm (worn)
Jewellery
 i - a cursed amulet of inaccuracy (around neck)
 l - a cursed -4 ring of protection (left hand)
Potions
 k - 2 potions of mutation
Comestibles
 f - 3 rations
 g - a chunk of flesh


   Skills:
 * Level 3.6 Fighting
 * Level 2.3 Maces & Flails
 * Level 3.6 Armour
 * Level 0.6 Dodging
 * Level 3.9 Shields


You had 2 spell levels left.
You didn't know any spells.
Your spell library was empty.

Dungeon Overview and Level Annotations

Branches:
Dungeon (2/15)

Altars:


Innate Abilities, Weirdness & Mutations

You are resistant to torment.
Your stone body is resilient. (AC +3)
You are immune to poison.
You resist negative energy. (rN+)
You are resistant to electric shocks. (rElec)
You can survive without breathing.
You are immune to petrification.
You are immune to rotting.


Message History

You miss the bat. You block the bat's attack.
Your shield and scale mail prevent you from hitting the bat.
The bat hits you but does no damage.
A kobold comes into view.
You block the hobgoblin's attack.
It was a potion of flight.
You feel very buoyant.
You fly up into the air.
The kobold shouts!
The bat hits you but does no damage. You block the bat's attack.
The hobgoblin closely misses you.
You feel very mighty all of a sudden. The bat hits you but does no damage.
You block the hobgoblin's attack.
You miss the bat. The bat hits you but does no damage.
You block the bat's attack. The kobold hits you but does no damage.
A leopard gecko comes into view.
You block the bat's attack.
The hobgoblin hits you but does no damage.
The kobold hits you.
You die...

# #.# l...
.....
......######
#...K@bSK######
####g###......#
#....####(.#
##...<#...##
###.w.b####
#.[..S...#
#.##K##### ...
#.####### ..##
#s#.....#


You could see an adder, a leopard gecko (wandering), a hobgoblin, a bat and 2
kobolds.

Vanquished Creatures
  An ooze (D:1)
  3 dart slugs (D:1)
  A bat (D:1)
  A giant cockroach (D:2)
  5 goblins (D:1)
  3 hobgoblins (D:1)
  4 jackals (D:1)
  6 kobolds
  2 frilled lizards (D:1)
  4 rats (D:1)
30 creatures vanquished.

Notes
Turn   | Place    | Note
-------+----------+-------------------------------------------
     0 | D:1      | funkygono the Gargoyle Fighter began the quest for the Orb.
     0 | D:1      | Reached XP level 1. HP: 14/14 MP: 1/1
    41 | D:1      | Reached XP level 2. HP: 8/19 MP: 2/2
   667 | D:1      | Reached XP level 3. HP: 23/23 MP: 3/3
  1298 | D:2      | HP: 1/23 [bat (1)]
  1303 | D:2      | Slain by a kobold

Illustrated notes

Levels and vault maps discovered:
D:1:      giann_bridges, layout_loops_ring
D:2:      layout_rooms, first_ration, kennysheep_generic_room_14

Action                   || total
-------------------------++-------
Melee: Flail             ||   141
Throw: Stone             ||     1
  Use: Scroll            ||     2
       Potion            ||     2
  Eat: Chunk             ||     1
Armor: Scale mail        ||   107
Dodge: Dodged            ||    64
Block: Kite shield       ||   109
